 Dungeon Crawl Stone Soup version 0.22-a0-247-gbddf880 (webtiles) character file.

9102 Serpenta the Covert (level 11, -2/71 (72) HPs)
             Began as an Octopode Ice Elementalist on Feb 26, 2018.
             Was an Elder of Okawaru.
             Killed from afar by a gargoyle (24 damage)
             ... with a stone arrow
             ... on level 10 of the Dungeon.
             The game lasted 00:27:59 (12253 turns).

Serpenta the Covert (Octopode Ice Elementalist)    Turns: 12253, Time: 00:28:00

HP:   -2/71 (72)    AC:  1    Str:  8    XL:     11   Next: 41%
MP:   5/15          EV: 18    Int: 18    God:    Okawaru [****..]
Gold: 513           SH:  0    Dex: 15    Spells: 8/14 levels left

rFire    . . .     SeeInvis .   m - +2 dagger (speed)
rCold    . . .     Gourm    +   (no shield)
rNeg     . . .     Faith    .   (helmet restricted)
rPois    .         Spirit   .   v - amulet of the gourmand
rElec    .         Reflect  .   p - ring of wizardry
rCorr    .         Harm     .   (no ring)
MR       .....                  (no ring)
Stlth    +++++.....             (no ring)
HPRegen  0.21/turn              (no ring)
MPRegen  0.14/turn              (no ring)
                                (no ring)
                                (no ring)

@: no status effects
A: almost no armour, stealthy swim, amphibious, 8 rings, constrict 8, camouflage
1, gelatinous body 1
a: Heroism, Renounce Religion


You were on level 10 of the Dungeon.
You worshipped Okawaru.
Okawaru was greatly pleased with you.
You were very full.

You visited 2 branches of the dungeon, and saw 12 of its levels.

You collected 513 gold pieces.


Innate Abilities, Weirdness & Mutations

You cannot wear most types of armour.
You are very stealthy in the water. (Stealth+)
You are amphibious.
You can wear up to eight rings at the same time.
You can use your tentacles to constrict eight enemies at once.
Your skin changes colour to match your surroundings (Stealth+).
Your rubbery body absorbs attacks. (AC +1, EV +1)


   Skills:
 - Level 5.3 Fighting
 + Level 9.9 Short Blades
 + Level 7.9 Dodging
 - Level 10.2 Stealth
 - Level 2.0 Spellcasting
 - Level 1.0 Conjurations
 - Level 7.0 Ice Magic
 - Level 6.0 Invocations


You had 8 spell levels left.
You knew the following spells:

 Your Spells              Type           Power        Failure   Level  Hunger
o - Ozocubu's Armour      Chrm/Ice       ##......     5%          3    ###....
A - Freeze                Ice            ####         1%          1    #......
B - Throw Frost           Conj/Ice       ###...       2%          2    ###....

Action                   |  1- 3 |  4- 6 |  7- 9 | 10-12 || total
-------------------------+-------+-------+-------+-------++-------
Melee: Unarmed           |     9 |       |       |       ||     9
       Constrict         |    21 |    26 |    25 |    39 ||   111
       Tentacles         |     8 |    16 |    21 |    53 ||    98
       Dagger            |    62 |    97 |   124 |   280 ||   563
       Punch             |       |       |     1 |     3 ||     4
 Cast: Freeze            |    18 |    30 |    45 |    62 ||   155
       Throw Frost       |     1 |     5 |    18 |    20 ||    44
       Ozocubu's Armour  |       |     1 |     8 |    16 ||    25
Invok: Heroism           |       |       |     8 |    13 ||    21
Evoke: Wand              |       |       |    34 |     5 ||    39
  Use: Scroll            |     5 |     4 |     2 |       ||    11
       Potion            |       |     1 |       |       ||     1
 Stab: Sleeping          |     5 |     6 |    14 |    16 ||    41
       Paralysed         |       |       |       |     2 ||     2
       Distracted        |       |       |       |     1 ||     1
  Eat: Chunk             |     2 |    11 |    21 |    19 ||    53
       Ration            |       |     1 |       |       ||     1
Armor: Skin              |    10 |     5 |    13 |    24 ||    52
Dodge: Dodged            |    57 |    51 |    85 |   128 ||   321

Inventory:

Hand Weapons
 m - a +2 dagger of speed (weapon)
 B - a +4 scimitar of flaming
Missiles
 l - 20 tomahawks (quivered)
 z - 6 javelins
 A - 2 poisoned javelins {god gift}
Armour
 w - a +2 large shield
Jewellery
 n - an uncursed ring of fire
 p - a ring of wizardry (left tentacle)
 v - an amulet of the gourmand (around mantle)
Wands
 y - a wand of flame (25)
 C - a wand of digging (12)
 G - a wand of polymorph (11)
 I - a wand of iceblast (6)
 J - a wand of paralysis (9)
Scrolls
 b - 4 scrolls of enchant weapon
 c - 7 scrolls of remove curse
 e - 2 scrolls of teleportation
 g - a scroll of enchant armour {unknown}
 h - 2 scrolls of blinking
 q - a scroll of amnesia {unknown}
 r - a scroll of fog {unknown}
 t - a scroll of noise {unknown}
 D - a scroll of fear
 K - a scroll of identify
Potions
 d - 2 potions of heal wounds
 f - 3 potions of flight
 i - a potion of agility {unknown}
 j - 2 potions of brilliance
 k - 6 potions of curing
 o - 2 potions of haste {unknown}
 s - a potion of lignification {unknown}
 u - a potion of ambrosia {unknown}
 x - a potion of degeneration {unknown}
 F - a potion of resistance {unknown}
 H - a potion of mutation {unknown}
Miscellaneous
 E - a phantom mirror
Comestibles
 a - 17 rations

.#..'.........######........#....
.####.........'..................
.# #.>....(..######........##...
## ###'####### #...<....#####
#..).# ########## ####[#
######[##### #........9..#####
#.........[Y.@..####
#...>.......###.[[[###########
#.......)...# ####[...........
#...........# #############
#...........# #...........#
############


You could see a yak and a gargoyle.

Vanquished Creatures
  Erica (D:8)
  3 two-headed ogres
  A guardian serpent (D:9)
  3 trolls
  Prince Ribbit (D:8)
  2 hippogriffs
  3 yaks (D:11)
  A hungry ghost (D:9)
  2 hell hounds (D:9)
  3 ice beasts
  4 sky beasts
  A slave (D:3)
  4 orc warriors
  A phantom (D:10)
  2 black bears
  2 necrophages
  An eye of draining (D:8)
  5 centaurs
  3 ogres
  2 big kobolds
  4 bullfrogs
  Blork the orc (D:6)
  6 scorpions
  3 crimson imps
  4 hounds
  2 orc priests
  5 jellies
  6 orc wizards
  A bullfrog skeleton (D:10)
  2 centaur skeletons
  3 iguanas
  5 worker ants
  4 hound skeletons
  A howler monkey zombie (D:9)
  13 adders
  A howler monkey skeleton (D:4)
  A shadow imp (D:7)
  An adder zombie (D:8)
  3 adder skeletons
  4 worms (D:3)
  3 leopard geckos
  28 orcs
  11 bats
  5 giant cockroaches
  5 goblins
  7 hobgoblins
  12 jackals
  3 quokkas
  6 frilled lizards
  8 kobolds
  9 rats
212 creatures vanquished.

Vanquished Creatures (others)
  A goblin (D:2)
  5 plants (D:8)
6 creatures vanquished.

Grand Total: 218 creatures vanquished

Vault maps used:
D:1:      dpeg_arrival_tiny_a
D:2:      elyvilon_altar_4
D:3:      old_standard_altar, hex_large, grunt_decor_one_mirror,
          nemelex_lonely_heart_becter
D:4:      uniq_sigmund, uniq_duvessa, uniq_pikel, uniq_grinder
D:5:      minmay_temple_entry_statues_pillars, first_ration
D:6:      uniq_edmund, uniq_blork_the_orc
D:7:      kennysheep_six_static_rooms, serial_shops, nicolae_shop_stone
D:8:      hangedman_ranch, uniq_prince_ribbit1, uniq_erica
D:9:      minmay_lair_entry_lava, nrook_guardian_serpent_ordinary
D:10:     serial_corexii_hall, corexii_hall_statues_l, corexii_hall_statues_x
D:11:     minmay_misc_feat_nine_boxes
Temple:   minmay_crystal_snake_temple


Message History

The yak barely misses you.
There is a stone staircase leading up here.
You climb upwards.
Level annotation: exclusion: 2 doors The gargoyle hits you with a flail!!
* * * LOW HITPOINT WARNING * * *
There is a stone staircase leading down here.
Your icy armour starts to melt.
The yak misses you.
There is an open door here.
Things that are here:
a falchion; a ring mail; a dagger
Things that are here:
a robe; a dagger Your icy armour evaporates.
Things that are here:
a plate armour; a trident The gargoyle hurls a stone arrow at you.
The stone arrow hits you!
You die...

Notes
Turn   | Place    | Note
-------+----------+-------------------------------------------
     0 | D:1      | Serpenta the Octopode Ice Elementalist began the quest for the Orb.
     0 | D:1      | Reached XP level 1. HP: 11/11 MP: 3/3
    87 | D:1      | Reached XP level 2. HP: 17/17 MP: 3/5
    91 | D:1      | Learned a level 2 spell: Throw Frost
   586 | D:1      | Reached XP level 3. HP: 21/21 MP: 3/6
  1059 | D:2      | Found a white marble altar of Elyvilon.
  1563 | D:2      | Learned a level 3 spell: Ozocubu's Armour
  1604 | D:3      | Reached XP level 4. HP: 26/27 MP: 4/7
  1709 | D:3      | Found a radiant altar of Vehumet.
  1754 | D:3      | Reached skill level 5 in Ice Magic
  2304 | D:3      | Reached XP level 5. HP: 30/31 MP: 6/8
  2422 | D:3      | Found a sparkling altar of Nemelex Xobeh.
  2817 | D:4      | Noticed Pikel
  2817 | D:4      | Noticed a slave
  2817 | D:4      | Noticed a slave
  2818 | D:4      | Noticed a slave
  2818 | D:4      | Noticed a slave
  2851 | D:3      | Killed a slave
  3352 | D:4      | Noticed Grinder
  3394 | D:4      | Noticed Duvessa
  3557 | D:5      | Entered Level 5 of the Dungeon
  3557 | D:5      | Noticed an orc warrior
  3800 | D:5      | Reached XP level 6. HP: 19/36 MP: 5/9
  4038 | D:5      | Reached skill level 3 in Stealth
  4053 | D:5      | Reached skill level 1 in Fighting
  4095 | D:5      | Reached skill level 4 in Stealth
  4095 | D:5      | Reached XP level 7. HP: 31/44 MP: 3/10
  4096 | D:5      | Found a staircase to the Ecumenical Temple.
  4103 | Temple   | Entered the Ecumenical Temple
  4208 | Temple   | Became a worshipper of Warmaster Okawaru
  4600 | D:5      | Reached skill level 5 in Stealth
  4773 | D:6      | Noticed Edmund
  4843 | D:6      | Noticed confidenceinterval's ghost (novice DDNe)
  5267 | D:7      | Reached skill level 5 in Fighting
  5267 | D:7      | Reached XP level 8. HP: 45/55 MP: 2/11
  5402 | D:7      | Reached * piety under Okawaru
  5415 | D:7      | Reached skill level 1 in Short Blades
  5748 | D:7      | Reached skill level 6 in Stealth
  5872 | D:7      | Noticed a hippogriff
  5903 | D:7      | HP: 2/55 [hippogriff (5)]
  6224 | D:7      | Reached skill level 7 in Stealth
  6569 | D:7      | Killed a hippogriff
  6569 | D:7      | Reached skill level 8 in Stealth
  7001 | D:6      | Noticed Blork the orc
  7010 | D:6      | Killed Blork the orc
  7010 | D:6      | Reached ** piety under Okawaru
  7010 | D:6      | Reached XP level 9. HP: 33/61 MP: 7/12
  7240 | D:7      | Found Fuakebew's Food Shoppe.
  7255 | D:7      | Reached skill level 5 in Short Blades
  7255 | D:7      | Reached skill level 9 in Stealth
  7969 | D:8      | Noticed a two-headed ogre
  8342 | D:8      | Noticed Prince Ribbit
  8349 | D:8      | Killed Prince Ribbit
  8349 | D:8      | Reached skill level 10 in Stealth
  8354 | D:8      | Noticed a two-headed ogre
  8384 | D:8      | Noticed Erica
  8637 | D:8      | Killed Erica
  8719 | D:8      | Noticed a two-headed ogre
  8732 | D:8      | Killed a two-headed ogre
  8732 | D:8      | Reached *** piety under Okawaru
  8732 | D:8      | Reached skill level 5 in Invocations
  8732 | D:8      | Reached XP level 10. HP: 66/66 MP: 10/13
  8906 | D:8      | Killed a two-headed ogre
  8906 | D:8      | Received a gift from Okawaru
  9109 | D:9      | Found a staircase to the Lair.
  9110 | D:9      | Reached **** piety under Okawaru
  9419 | D:9      | Reached skill level 5 in Dodging
  9635 | D:10     | Entered Level 10 of the Dungeon
 10786 | D:9      | Noticed a two-headed ogre
 10805 | D:9      | Killed a two-headed ogre
 10805 | D:9      | Reached XP level 11. HP: 42/72 MP: 0/15
 11424 | D:10     | Noticed a two-headed ogre
 11829 | D:11     | Noticed a manticore
 12253 | D:10     | Killed from afar by a gargoyle
